[Event "DVM U12w 2023"]
[Site "Magdeburg"]
[Date "2023.12.29"]
[Round "5"]
[White "Rabus, Luise"]
[Black "Haas, Valentina"]
[Result "1/2-1/2"]
[WhiteElo "913"]
[BlackElo "1010"]
[PlyCount "46"]
[EventDate "2022.12.27"]
[EventType "team-tourn"]
[EventRounds "7"]
[EventCountry "GER"]
[TimeControl "40/5400+30:1800+30"]
[WhiteClock "1:25:02"]
[BlackClock "1:23:56"]

1. e4 e5 2. Bc4 Nf6 3. d3 Bc5 4. Nf3 d6 5. h3 h6 6. c3 Nc6 7. O-O O-O 8. Re1 Re8 9. Nbd2 Be6 10. Bb3 Nh5 11. Nh2 Ng3 12. Ndf1 Nxf1 13. Nxf1 Qf6 14. Ng3 Ne7 15. Be3 Bb6 16. d4 Rad8 17. Ba4 Bd7 18. dxe5 Qxe5 19. Bxb6 axb6 20. Nf5 Bxa4 21. Nxe7+ Qxe7 22. Qxa4 Ra8 23. Qd4 Qe5 {[%emt 0:00:39] normal} 1/2-1/2

[Event "DVM U12w 2023"]
[Site "Magdeburg"]
[Date "2023.12.29"]
[Round "5"]
[White "Schmegel, Alina"]
[Black "Roessler, Helena"]
[Result "0-1"]
[WhiteElo "892"]
[BlackElo "1060"]
[PlyCount "56"]
[EventDate "2022.12.27"]
[EventType "team-tourn"]
[EventRounds "7"]
[EventCountry "GER"]
[TimeControl "40/5400+30:1800+30"]
[WhiteClock "1:29:53"]
[BlackClock "1:19:08"]

1. e4 c5 2. Nf3 Nc6 3. Nc3 e6 4. Bb5 d5 5. exd5 exd5 6. Qe2+ Be7 7. d3 Nf6 8. Bg5 O-O 9. O-O Bg4 10. h3 Bh5 11. Qe3 d4 12. Qf4 dxc3 13. bxc3 Bd6 14. Qe3 Re8 15. Qd2 Bxf3 16. gxf3 Ne5 17. Qe2 Re6 18. Kh1 h6 19. f4 Ng6 20. f5 Rxe2 21. fxg6 hxg5 22. gxf7+ Kxf7 23. Bc4+ Kf8 24. Rg1 Qd7 25. Kg2 g4 26. hxg4 Qxg4+ 27. Kf1 Qf3 28. d4 Qxf2# {[%emt 0:00:16] normal} 0-1

[Event "DVM U12w 2023"]
[Site "Magdeburg"]
[Date "2023.12.29"]
[Round "5"]
[White "Goy, Isabella"]
[Black "Gelbach, Julietta"]
[Result "1-0"]
[WhiteElo "880"]
[BlackElo "887"]
[PlyCount "130"]
[EventDate "2022.12.27"]
[EventType "team-tourn"]
[EventRounds "7"]
[EventCountry "GER"]
[TimeControl "40/5400+30:1800+30"]
[WhiteClock "1:17:25"]
[BlackClock "1:08:54"]

1. e4 e5 2. Nf3 Nc6 3. Nc3 Nf6 4. Bd3 Bc5 5. O-O d6 6. Na4 Bg4 7. Nxc5 dxc5 8. h3 Bh5 9. Re1 h6 10. Bb5 O-O 11. Bxc6 bxc6 12. Re3 Qc8 13. Qe1 Qe6 14. d3 Rab8 15. Qc3 Rfe8 16. b3 Bxf3 17. Rxf3 Re7 18. Bb2 Rbe8 19. Qxc5 Ra8 20. Rf5 a5 21. Bxe5 Nd7 22. Qc4 Qxc4 23. bxc4 Nxe5 24. Rb1 Nd7 25. Rb7 Rc8 26. Rxa5 Re5 27. Raa7 Nc5 28. d4 Nxb7 29. dxe5 Nc5 30. f3 f6 31. exf6 gxf6 32. a4 Kf7 33. a5 Ke6 34. Kf2 Ke5 35. Ke3 h5 36. Kd2 Kd4 37. c3+ Ke5 38. Kc2 Kf4 39. Kb2 Kg3 40. Ka3 Kxg2 41. h4 Kxf3 42. Kb4 Nd3+ 43. Ka3 Kxe4 44. a6 Ne5 45. Kb4 Kd3 46. Rb7 Nxc4 47. Kb3 Nd6 48. Rb4 Ra8 49. Ra4 Nb5 50. c4 Nc3 51. Ra3 Ne2 52. Kb4+ Kd4 53. a7 f5 54. Ra2 Nc3 55. Rd2+ Ke5 56. Kxc3 Rxa7 57. Rg2 Ra3+ 58. Kb4 Rh3 59. Re2+ Kf6 60. Rd2 Rxh4 61. Rd7 f4 62. Rxc7 f3 63. Rxc6+ Ke5 64. Rc8 f2 65. Rf8 Rh2 {[%emt 0:00:30] normal Ab Zug 65 nicht mehr nachvollziehbar} 1-0

[Event "DVM U12w 2023"]
[Site "Magdeburg"]
[Date "2023.12.29"]
[Round "5"]
[White "Satheesh, Dharshini"]
[Black "Artemenko, Isabella"]
[Result "0-1"]
[WhiteElo "871"]
[BlackElo "1041"]
[PlyCount "132"]
[EventDate "2022.12.27"]
[EventType "team-tourn"]
[EventRounds "7"]
[EventCountry "GER"]
[TimeControl "40/5400+30:1800+30"]
[WhiteClock "0:58:53"]
[BlackClock "0:29:41"]

1. e4 e5 2. Nf3 Nc6 3. Bc4 Bc5 4. Nc3 Nf6 5. d3 h6 6. Nd5 d6 7. h3 Nxd5 8. Bxd5 Bd7 9. a3 Qc8 10. b4 Bb6 11. O-O Be6 12. Bxc6+ bxc6 13. a4 a6 14. a5 Ba7 15. c3 g5 16. h4 f6 17. h5 Bg4 18. Be3 Bxh5 19. Bxa7 Rxa7 20. g3 Qg4 21. Kg2 f5 22. Re1 f4 23. Rg1 Rf8 24. Rf1 Qd7 25. Rh1 Qg4 26. Rf1 Kd7 27. Qe2 Rf7 28. Rad1 Ra8 29. d4 Raf8 30. Rd3 fxg3 31. fxg3 exd4 32. cxd4 Re8 33. Re3 Rfe7 34. e5 Qe6 35. Re1 Qd5 36. Qd3 Bxf3+ 37. Rxf3 dxe5 38. dxe5 Rxe5 39. Rxe5 Rxe5 40. Qxd5+ cxd5 41. Rf7+ Re7 42. Rxe7+ Kxe7 43. Kf3 c6 44. Ke3 Kd6 45. Kd4 h5 46. Ke3 Ke5 47. Kd3 h4 48. gxh4 gxh4 49. Ke2 Kd4 50. Kf3 h3 51. Kg3 h2 52. Kxh2 Kc4 53. Kg2 Kxb4 54. Kf3 Kxa5 55. Ke3 Kb5 56. Kd4 a5 57. Kc3 c5 58. Kb3 d4 59. Kc2 c4 60. Kd2 a4 61. Kc2 Kb4 62. Kb2 d3 63. Kc1 c3 64. Kb1 Kb3 65. Ka1 d2 66. Kb1 d1=Q# {[%emt 0:00:35] normal} 0-1

[Event "DVM U12w 2023"]
[Site "Magdeburg"]
[Date "2023.12.29"]
[Round "5"]
[White "Seyedfakhari, Elena"]
[Black "Xu, Dorothea Sicheng"]
[Result "0-1"]
[WhiteElo "860"]
[BlackElo "1118"]
[PlyCount "118"]
[EventDate "2022.12.27"]
[EventType "team-tourn"]
[EventRounds "7"]
[EventCountry "GER"]
[TimeControl "40/5400+30:1800+30"]
[WhiteClock "1:32:12"]
[BlackClock "1:20:04"]

1. e4 e5 2. Nf3 Nc6 3. Nc3 Nf6 4. Bc4 Bc5 5. O-O O-O 6. d3 h6 7. Be3 Bb6 8. Qe2 d6 9. h3 Be6 10. Bb3 d5 11. exd5 Nxd5 12. Nxd5 Bxd5 13. Bxd5 Qxd5 14. c4 Qd6 15. Rac1 Bxe3 16. fxe3 Rfe8 17. c5 Qe6 18. Nd2 Qxa2 19. Nc4 b5 20. Ra1 Qb3 21. Nd2 Qxb2 22. Rab1 Qa2 23. Rxb5 a6 24. Rb7 Re7 25. Qf3 Qxd2 26. Qxc6 Qxe3+ 27. Kh1 Qxd3 28. Rf3 Qd7 29. Qe4 a5 30. Rb2 a4 31. c6 Qd1+ 32. Kh2 a3 33. Ra2 Qd4 34. Qe2 e4 35. Rfxa3 Qd6+ 36. Rg3 Rxa2 37. Qxa2 Qxc6 38. Qb2 g6 39. Qb3 Qb6 40. Qa3 c5 41. Qa8+ Kh7 42. Ra3 Qd6+ 43. Kg1 Qd4+ 44. Kh1 e3 45. Qb8 e2 46. Ra8 e1=Q+ 47. Kh2 Qde5+ 48. Qxe5 Qxe5+ 49. Kg1 c4 50. Rc8 Rc7 51. Rxc7 Qxc7 52. Kf2 c3 53. Kf3 c2 54. Kf2 c1=Q 55. Ke2 Q7c3 56. Kf2 Q1c2+ 57. Kg1 Qe1+ 58. Kh2 Qc7+ 59. g3 Qc2# {normal} 0-1

[Event "DVM U12w 2023"]
[Site "Magdeburg"]
[Date "2023.12.29"]
[Round "5"]
[White "Gelbach, Amelia"]
[Black "Korwitz, Pauline"]
[Result "0-1"]
[WhiteElo "841"]
[BlackElo "1219"]
[PlyCount "60"]
[EventDate "2022.12.27"]
[EventType "team-tourn"]
[EventRounds "7"]
[EventCountry "GER"]
[TimeControl "40/5400+30:1800+30"]
[WhiteClock "1:22:01"]
[BlackClock "1:01:36"]

1. e4 c5 2. Nc3 d6 3. b3 Nc6 4. Bb2 Nf6 5. d3 e6 6. Qd2 Be7 7. O-O-O O-O 8. Nf3 a6 9. g3 b5 10. h4 Qb6 11. Bh3 e5 12. Bxc8 Rfxc8 13. Rde1 a5 14. Nd5 Nxd5 15. exd5 Nb4 16. a3 Nxd5 17. Re2 a4 18. Kb1 axb3 19. cxb3 Qa5 20. Qc1 Rc7 21. Rhe1 f6 22. Nh2 Rac8 23. Ng4 c4 24. dxc4 bxc4 25. bxc4 Rxc4 26. Qd1 Rxg4 27. Qd3 Rgc4 28. Rc1 Rxc1+ 29. Bxc1 Qc5 30. Ka2 Qc4+ {normal Ab Zug 30 nicht mehr nachvollziehbar} 0-1

[Event "DVM U12w 2023"]
[Site "Magdeburg"]
[Date "2023.12.29"]
[Round "5"]
[White "Scharfenberg, Leah"]
[Black "Subocz, Emma"]
[Result "1-0"]
[WhiteElo "755"]
[BlackElo "827"]
[PlyCount "109"]
[EventDate "2022.12.27"]
[EventType "team-tourn"]
[EventRounds "7"]
[EventCountry "GER"]
[TimeControl "40/5400+30:1800+30"]
[WhiteClock "1:15:33"]
[BlackClock "0:55:39"]

1. e4 e5 2. Nf3 Nc6 3. d4 exd4 4. Bc4 Nf6 5. e5 d5 6. Bb5 Ne4 7. Nxd4 Bd7 8. Bxc6 Bxc6 9. O-O Bd7 10. f3 Ng5 11. f4 Ne4 12. Nd2 Nxd2 13. Bxd2 c5 14. Nf3 Be7 15. Re1 O-O 16. c3 Bg4 17. Be3 Bxf3 18. Qxf3 d4 19. cxd4 cxd4 20. Bd2 b6 21. Rad1 f6 22. e6 Rc8 23. Be3 Bc5 24. f5 Qe7 25. Bf2 b5 26. Bxd4 Rfd8 27. Bxc5 Qxc5+ 28. Kh1 Qc2 29. b3 Ra8 30. e7 Re8 31. Qd5+ Kh8 32. Qd8 Qc6 33. Rd6 Qc8 34. Qxc8 Raxc8 35. Ra6 h6 36. Rxa7 Kh7 37. Ra5 Rc5 38. a4 Rxf5 39. axb5 g5 40. b4 Kg6 41. b6 Rf1+ 42. Rxf1 Rxe7 43. Ra7 Re8 44. b7 Rb8 45. Rc1 Re8 46. Ra8 Re5 47. b8=Q Re7 48. Qg8+ Kh5 49. Re8 Rb7 50. h3 f5 51. Re6 Rxb4 52. Qg6+ Kh4 53. Qxh6+ Kg3 54. Qxg5+ Kf2 55. Qe3# {[%emt 0:00:30] normal} 1-0

[Event "DVM U12w 2023"]
[Site "Magdeburg"]
[Date "2023.12.29"]
[Round "5"]
[White "Sauermann, Paula"]
[Black "Strahl, Nele"]
[Result "0-1"]
[WhiteElo "754"]
[BlackElo "783"]
[PlyCount "62"]
[EventDate "2022.12.27"]
[EventType "team-tourn"]
[EventRounds "7"]
[EventCountry "GER"]
[TimeControl "40/5400+30:1800+30"]
[WhiteClock "0:55:44"]
[BlackClock "1:06:15"]

1. e4 d6 2. d3 e5 3. Nf3 Nc6 4. Bg5 Nf6 5. Nc3 Bg4 6. Be2 Be7 7. h3 Be6 8. Qd2 h6 9. Bh4 O-O 10. O-O-O Re8 11. g4 Nh7 12. Bxe7 Qxe7 13. d4 Rad8 14. Nd5 Bxd5 15. exd5 Nxd4 16. Nxd4 exd4 17. Bd3 Nf6 18. h4 Nxg4 19. f3 Nf6 20. Rde1 Qd7 21. Rxe8+ Rxe8 22. Qg2 Qe7 23. b3 Rb8 24. Rg1 Nh5 25. Qg4 Qe5 26. Be4 Rc8 27. c4 d3 28. Bxd3 Qc3+ 29. Kd1 Qxd3+ 30. Ke1 Re8+ 31. Kf2 Qe2# {[%emt 0:00:15] normal} 0-1

[Event "DVM U12w 2023"]
[Site "Magdeburg"]
[Date "2023.12.29"]
[Round "6"]
[White "Hofmeier, Viktoria"]
[Black "Will, Elina"]
[Result "1/2-1/2"]
[WhiteElo "1408"]
[BlackElo "1325"]
[PlyCount "87"]
[EventDate "2022.12.27"]
[EventType "team-tourn"]
[EventRounds "7"]
[EventCountry "GER"]
[TimeControl "40/5400+30:1800+30"]
[WhiteClock "0:55:15"]
[BlackClock "1:12:43"]

1. e4 d5 2. exd5 Nf6 3. Nf3 Nxd5 4. Nc3 Nc6 5. Bc4 Nb6 6. Bb3 e5 7. h3 Bf5 8. O-O Bd6 9. d3 O-O 10. Re1 Re8 11. Bg5 Qd7 12. Nh4 Be6 13. Nf3 Bxb3 14. axb3 f6 15. Bd2 a6 16. Ne4 Re6 17. Nxd6 Qxd6 18. Bc3 Rae8 19. Qd2 Nd5 20. Rad1 Nxc3 21. Qxc3 Qb4 22. Re4 Qb5 23. Qc4 Qxc4 24. bxc4 Rd6 25. d4 Red8 26. d5 Ne7 27. Rd3 c6 28. Rb3 R8d7 29. dxc6 Nxc6 30. Ree3 Kf7 31. Rbd3 Rxd3 32. Rxd3 Rxd3 33. cxd3 Ke6 34. Kf1 b5 35. Ke2 Kd6 36. Kd2 Kc5 37. Kc3 g6 38. Nd2 Nd4 39. Ne4+ Kc6 40. Nxf6 Ne2+ 41. Kc2 Nf4 42. g3 Nxh3 43. Nxh7 Nxf2 44. Ng5 {[%emt 0:00:45] normal} 1/2-1/2

[Event "DVM U12w 2023"]
[Site "Magdeburg"]
[Date "2023.12.29"]
[Round "6"]
[White "Rafikova, Ailin"]
[Black "Schirmbeck, Lilian"]
[Result "0-1"]
[WhiteElo "1399"]
[BlackElo "1585"]
[PlyCount "118"]
[EventDate "2022.12.27"]
[EventType "team-tourn"]
[EventRounds "7"]
[EventCountry "GER"]
[TimeControl "40/5400+30:1800+30"]
[WhiteClock "0:10:44"]
[BlackClock "0:07:56"]

1. e4 c6 2. Nc3 d5 3. Qf3 d4 4. Bc4 Nf6 5. Nce2 e5 6. d3 h5 7. Qg3 Nbd7 8. h3 c5 9. f4 h4 10. Qf2 Bd6 11. f5 b5 12. Bb3 Qc7 13. a3 c4 14. Ba2 Nc5 15. Qf3 Bb7 16. b4 Ncd7 17. Bd2 Rc8 18. Bb1 c3 19. Bg5 Ra8 20. Bxf6 Nxf6 21. Nc1 a5 22. Nb3 axb4 23. axb4 Rxa1 24. Nxa1 Bxb4 25. Nb3 Bc6 26. g3 Qa7 27. Ne2 Nd7 28. gxh4 Nc5 29. Nec1 Qa3 30. Nxc5 Qxc1+ 31. Kf2 Qd2+ 32. Kg3 Bxc5 33. Rd1 Qh6 34. Qg4 Be7 35. Ba2 Qe3+ 36. Qf3 Qxf3+ 37. Kxf3 Rxh4 38. Kg3 Rf4 39. Bb3 Bh4+ 40. Kg2 Rxf5 41. Kh1 Rf2 42. Rg1 g5 43. Rd1 Bd7 44. Ra1 Be6 45. Bxe6 fxe6 46. Rb1 Rxc2 47. Rxb5 Bg3 48. Rb1 Rd2 49. h4 gxh4 50. Rb8+ Ke7 51. Rb7+ Kf6 52. Rb1 c2 53. Rf1+ Kg7 54. Kg1 Rd1 55. Kg2 Rxf1 56. Kh3 c1=Q 57. Kg4 Rf4+ 58. Kh5 Qd1+ 59. Kg5 Qg4# {[%emt 0:00:07] normal} 0-1

[Event "DVM U12w 2023"]
[Site "Magdeburg"]
[Date "2023.12.29"]
[Round "6"]
[White "Burchardi, Helena"]
[Black "Leicher, Anna"]
[Result "1-0"]
[WhiteElo "1370"]
[BlackElo "1279"]
[PlyCount "71"]
[EventDate "2022.12.27"]
[EventType "team-tourn"]
[EventRounds "7"]
[EventCountry "GER"]
[TimeControl "40/5400+30:1800+30"]
[WhiteClock "1:08:36"]
[BlackClock "0:49:34"]

1. e4 e5 2. Nf3 Nc6 3. Bc4 Bc5 4. c3 Nf6 5. d4 exd4 6. O-O O-O 7. cxd4 Bb6 8. d5 Ne7 9. e5 Ne4 10. Qc2 Nc5 11. Bg5 d6 12. Re1 Bf5 13. Qe2 Qd7 14. exd6 Ng6 15. Ne5 Nxe5 16. Qxe5 f6 17. Qg3 Ne4 18. Rxe4 Bxe4 19. Nc3 fxg5 20. Nxe4 Qf5 21. Qf3 Qxf3 22. gxf3 Rxf3 23. dxc7 Kh8 24. d6 Bxc7 25. dxc7 Rc8 26. Nxg5 Rf4 27. Rd1 g6 28. Rd8+ Rf8 29. Be6 Rcxd8 30. Nf7+ Kg7 31. Nxd8 Rxd8 32. cxd8=Q b5 33. Qe7+ Kh6 34. f4 b4 35. Bg4 g5 36. Qf6# {[%emt 0:00:14] normal} 1-0

[Event "DVM U12w 2023"]
[Site "Magdeburg"]
[Date "2023.12.29"]
[Round "6"]
[White "Hladeniuk, Yelyzaveta"]
[Black "Ulianova, Anna"]
[Result "1-0"]
[WhiteElo "1362"]
[BlackElo "1036"]
[PlyCount "53"]
[EventDate "2022.12.27"]
[EventType "team-tourn"]
[EventRounds "7"]
[EventCountry "GER"]
[TimeControl "40/5400+30:1800+30"]
[WhiteClock "0:54:56"]
[BlackClock "0:36:07"]

1. d4 Nf6 2. c4 c5 3. e3 b6 4. Nf3 e6 5. Be2 d5 6. O-O Bd6 7. b3 O-O 8. Bb2 Bb7 9. Qc2 Ne4 10. Bd3 f5 11. Nc3 Qe8 12. Nb5 Qh5 13. Nxd6 Nxd6 14. Qc3 Ne4 15. Bxe4 fxe4 16. dxc5 Qg6 17. Nd4 e5 18. Nb5 Nc6 19. cxb6 axb6 20. cxd5 Nd8 21. Qxe5 Nf7 22. Qd4 Nh6 23. Qe5 Rae8 24. Qd6 Qg5 25. Qg3 Qe7 26. Qc7 Qg5 27. Qxb7 {[%emt 0:00:46] normal} 1-0

[Event "DVM U12w 2023"]
[Site "Magdeburg"]
[Date "2023.12.29"]
[Round "6"]
[White "Busch, Lara Sophie"]
[Black "Shakhimardanova, Nigina"]
[Result "1-0"]
[WhiteElo "1330"]
[BlackElo "1067"]
[PlyCount "97"]
[EventDate "2022.12.27"]
[EventType "team-tourn"]
[EventRounds "7"]
[EventCountry "GER"]
[TimeControl "40/5400+30:1800+30"]
[WhiteClock "1:02:13"]
[BlackClock "1:23:12"]

1. e4 e5 2. Nf3 Nf6 3. Nxe5 d6 4. Nf3 Bg4 5. Nc3 d5 6. exd5 Nxd5 7. Be2 Bb4 8. h3 Be6 9. Nxd5 Qxd5 10. c3 Ba5 11. O-O c5 12. Qa4+ Nc6 13. Bb5 Bc7 14. Bxc6+ bxc6 15. d4 a5 16. dxc5 Qxc5 17. Nd4 Bd7 18. Re1+ Be5 19. f4 O-O 20. Rxe5 Qd6 21. Qc2 g6 22. b3 Rad8 23. a4 c5 24. Ba3 Rc8 25. Kh1 Qb6 26. Nf3 Bf5 27. Qb2 Rfd8 28. Nd2 Rd7 29. Nc4 Qa7 30. Qf2 Rdc7 31. Nd6 Rd8 32. Nb5 Qb8 33. Nxc7 Qxc7 34. Qxc5 Qd7 35. Rae1 Kg7 36. Re7 Qd2 37. Qd4+ Rxd4 38. cxd4 Be6 39. R1xe6 Qxd4 40. Re1 Qc3 41. R7e3 Qf6 42. g3 Qf5 43. Kh2 Qc2+ 44. R1e2 Qc8 45. Bb2+ Kh6 46. Re5 Qa6 47. g4 f6 48. Ba3 fxe5 49. Bf8# {[%emt 0:00:15] normal} 1-0

[Event "DVM U12w 2023"]
[Site "Magdeburg"]
[Date "2023.12.29"]
[Round "6"]
[White "Kuebart, Ela Marie"]
[Black "Albrecht, Sidney Jenna"]
[Result "0-1"]
[WhiteElo "1325"]
[BlackElo "1188"]
[PlyCount "28"]
[EventDate "2022.12.27"]
[EventType "team-tourn"]
[EventRounds "7"]
[EventCountry "GER"]
[TimeControl "40/5400+30:1800+30"]
[WhiteClock "1:26:45"]
[BlackClock "1:29:24"]

1. d4 Nf6 2. c3 g6 3. e3 Bg7 4. f4 O-O 5. Nf3 d6 6. Bd3 Nbd7 7. O-O e5 8. fxe5 dxe5 9. dxe5 Ng4 10. e6 fxe6 11. Ng5 Qxg5 12. Rxf8+ Nxf8 13. e4 Qc5+ 14. Kh1 Nf2+ {[%emt 0:00:43] normal} 0-1

[Event "DVM U12w 2023"]
[Site "Magdeburg"]
[Date "2023.12.29"]
[Round "6"]
[White "Werner, Amelie"]
[Black "Xu, Dorothea Sicheng"]
[Result "0-1"]
[WhiteElo "1311"]
[BlackElo "1118"]
[PlyCount "110"]
[EventDate "2022.12.27"]
[EventType "team-tourn"]
[EventRounds "7"]
[EventCountry "GER"]
[TimeControl "40/5400+30:1800+30"]
[WhiteClock "1:26:54"]
[BlackClock "1:13:22"]

1. e4 e5 2. Nf3 Nc6 3. Bc4 Nf6 4. Ng5 d5 5. exd5 Na5 6. Bb5+ c6 7. dxc6 bxc6 8. Bd3 Nd5 9. Nf3 Bc5 10. O-O O-O 11. Nxe5 Re8 12. Nc4 h6 13. Nxa5 Qxa5 14. Nc3 Be6 15. Bc4 Nxc3 16. dxc3 Bxc4 17. Re1 Qb6 18. Be3 Bxe3 19. Rxe3 Rxe3 20. fxe3 Qxe3+ 21. Kh1 Bd5 22. Qg1 Qxg1+ 23. Kxg1 Rb8 24. b3 a5 25. Rd1 Kf8 26. Re1 Re8 27. Rd1 Re2 28. g3 Rxc2 29. c4 Bf3 30. Rd8+ Ke7 31. Rd3 Be4 32. Re3 f5 33. g4 Rg2+ 34. Kf1 Rxg4 35. h3 Rf4+ 36. Ke2 Kd6 37. Rg3 g5 38. Ke3 Kc5 39. Rg1 Rf3+ 40. Ke2 Rxh3 41. Kf2 Kb4 42. Ra1 Rf3+ 43. Kg1 h5 44. Kh2 g4 45. a3+ Kxb3 46. Rb1+ Bxb1 47. Kg2 Kxa3 48. Kh2 Kb4 49. c5 a4 50. Kg2 a3 51. Kg1 a2 52. Kg2 a1=Q 53. Kg1 Qd4+ 54. Kh1 Rf1+ 55. Kh2 Qf2# {[%emt 0:00:08] normal} 0-1

[Event "DVM U12w 2023"]
[Site "Magdeburg"]
[Date "2023.12.29"]
[Round "6"]
[White "Fruth, Julia"]
[Black "Winkler, Frida"]
[Result "1/2-1/2"]
[WhiteElo "1296"]
[BlackElo "1298"]
[PlyCount "56"]
[EventDate "2022.12.27"]
[EventType "team-tourn"]
[EventRounds "7"]
[EventCountry "GER"]
[TimeControl "40/5400+30:1800+30"]
[WhiteClock "0:18:04"]
[BlackClock "0:40:05"]

1. e4 d5 2. exd5 Nf6 3. Nc3 Nxd5 4. Nf3 Bg4 5. Be2 Nc6 6. d4 g6 7. O-O Bg7 8. Re1 Qd7 9. a3 O-O-O 10. Nxd5 Qxd5 11. c3 Rd6 12. Qc2 Bf5 13. Bd3 Bxd3 14. Qxd3 e5 15. c4 Qe6 16. d5 Qe7 17. Qe3 Na5 18. Qe2 f6 19. Qc2 b6 20. Bd2 Nb7 21. Nd4 a6 22. Nc6 Qf7 23. a4 Nd8 24. Nb4 a5 25. Nd3 c5 26. b3 e4 27. Nc1 f5 28. Rb1 Nb7 {[%emt 0:04:39] normal} 1/2-1/2

[Event "DVM U12w 2023"]
[Site "Magdeburg"]
[Date "2023.12.29"]
[Round "6"]
[White "Grunert, Greta"]
[Black "John, Linnea"]
[Result "0-1"]
[WhiteElo "1288"]
[BlackElo "1393"]
[PlyCount "120"]
[EventDate "2022.12.27"]
[EventType "team-tourn"]
[EventRounds "7"]
[EventCountry "GER"]
[TimeControl "40/5400+30:1800+30"]
[WhiteClock "1:06:45"]
[BlackClock "0:59:02"]

1. e4 c5 2. Nf3 Nc6 3. d4 cxd4 4. Nxd4 g6 5. c4 Bg7 6. Be3 Nf6 7. Nc3 Ng4 8. Nxc6 Nxe3 9. Nxd8 Nxd1 10. Rxd1 Bxc3+ 11. bxc3 Kxd8 12. c5 Kc7 13. Bb5 Rd8 14. O-O b6 15. cxb6+ axb6 16. a4 Ba6 17. c4 Bxb5 18. axb5 Ra2 19. Rc1 d6 20. Ra1 Rda8 21. Rxa2 Rxa2 22. Re1 Rc2 23. h3 Rxc4 24. e5 d5 25. Ra1 Kb7 26. Rd1 Rc5 27. Rb1 d4 28. Rb4 Rd5 29. Kf1 d3 30. Ke1 Rxe5+ 31. Kd2 Rd5 32. Rb3 Kc7 33. Rc3+ Kd7 34. Rxd3 Kd6 35. Kc3 Rxd3+ 36. Kxd3 Kc5 37. Kc3 Kxb5 38. Kb3 e5 39. h4 f5 40. g3 f4 41. gxf4 exf4 42. f3 Kc5 43. Kc3 Kd5 44. Kd3 b5 45. Kc3 h6 46. Kb4 Kd4 47. Kxb5 Ke3 48. Kc4 Kxf3 49. Kd3 Kg2 50. Ke4 f3 51. Ke3 f2 52. Kf4 f1=Q+ 53. Ke5 Qf3 54. Ke6 Qf5+ 55. Ke7 Kf3 56. Ke8 Ke4 57. Ke7 Ke5 58. h5 gxh5 59. Ke8 Kd6 60. Kd8 Qf8# {[%emt 0:01:29] normal} 0-1

[Event "DVM U12w 2023"]
[Site "Magdeburg"]
[Date "2023.12.29"]
[Round "6"]
[White "Wilke, Ronja"]
[Black "Trush, Diana"]
[Result "1-0"]
[WhiteElo "1224"]
[BlackElo "980"]
[PlyCount "87"]
[EventDate "2022.12.27"]
[EventType "team-tourn"]
[EventRounds "7"]
[EventCountry "GER"]
[TimeControl "40/5400+30:1800+30"]
[WhiteClock "1:09:53"]
[BlackClock "0:52:10"]

1. e4 e5 2. Nf3 Nc6 3. Bc4 Be7 4. Nc3 Nf6 5. d3 d6 6. O-O Bg4 7. h3 Bh5 8. Be3 Nd4 9. Nb1 d5 10. exd5 Nxd5 11. Bxd4 exd4 12. Re1 c6 13. Nbd2 O-O 14. Bxd5 cxd5 15. Qe2 Re8 16. Qe5 Bg6 17. Qxd4 b6 18. Re5 Bf6 19. Rxe8+ Qxe8 20. Qxd5 Rd8 21. Qb3 Qe2 22. Re1 Qxe1+ 23. Nxe1 Re8 24. Nef3 Bh5 25. Qb5 Re7 26. Qxh5 Bxb2 27. Qd5 Re8 28. Qb5 Rf8 29. Qxb2 f6 30. d4 Rb8 31. c4 Rc8 32. d5 Kf8 33. Nd4 Ke8 34. Nb5 Kd8 35. Nxa7 Rb8 36. Nc6+ Kc7 37. Nxb8 Kxb8 38. Qxb6+ Kc8 39. Qd6 g5 40. a4 Kb7 41. Qc6+ Kb8 42. a5 Ka7 43. a6 Kb8 44. Qb7# {[%emt 0:00:00] normal} 1-0

[Event "DVM U12w 2023"]
[Site "Magdeburg"]
[Date "2023.12.29"]
[Round "6"]
[White "Mauhs, Helena"]
[Black "Zhou, Leyi Charlotte"]
[Result "0-1"]
[WhiteElo "1194"]
[BlackElo "1335"]
[PlyCount "104"]
[EventDate "2022.12.27"]
[EventType "team-tourn"]
[EventRounds "7"]
[EventCountry "GER"]
[TimeControl "40/5400+30:1800+30"]
[WhiteClock "0:14:19"]
[BlackClock "1:03:44"]

1. e4 e5 2. Nf3 Nc6 3. Bc4 Nf6 4. d3 d5 5. exd5 Nxd5 6. Be3 Nxe3 7. fxe3 Bg4 8. Nbd2 Bc5 9. Qe2 Qd7 10. h3 Bh5 11. g4 Bg6 12. O-O-O O-O-O 13. Rhf1 h5 14. Ng5 Rdf8 15. Qf3 hxg4 16. hxg4 Nd8 17. Nde4 Bb6 18. Nc3 f6 19. Nge4 f5 20. gxf5 Bh5 21. Qf2 Bxd1 22. Kxd1 Qe8 23. d4 exd4 24. exd4 Nc6 25. Bb5 Qh5+ 26. Be2 Qh6 27. f6 gxf6 28. Nxf6 Bxd4 29. Qf5+ Kb8 30. Nd7+ Ka8 31. Nxf8 Bxc3 32. bxc3 Qd6+ 33. Kc1 Ne7 34. Qf3 Qh6+ 35. Kb1 Qb6+ 36. Kc1 Qd6 37. Qf7 a6 38. Rf6 Qa3+ 39. Kd2 Rh1 40. Rf1 Rh2 41. Rf3 Qd6+ 42. Kc1 Rxe2 43. Qe8+ Ka7 44. Nd7 Qd2+ 45. Kb2 Qxc2+ 46. Ka3 Qxa2+ 47. Kb4 Nc6+ 48. Kc5 Rxe8 49. Rf5 Qa5+ 50. Kc4 Qxf5 51. Kb3 Qb1+ 52. Kc4 Qb5# {[%emt 0:00:00] normal} 0-1

[Event "DVM U12w 2023"]
[Site "Magdeburg"]
[Date "2023.12.29"]
[Round "6"]
[White "Cao, Weiqi"]
[Black "Rätsch, Elina"]
[Result "1-0"]
[WhiteElo "1191"]
[BlackElo "869"]
[PlyCount "155"]
[EventDate "2022.12.27"]
[EventType "team-tourn"]
[EventRounds "7"]
[EventCountry "GER"]
[TimeControl "40/5400+30:1800+30"]
[WhiteClock "0:45:27"]
[BlackClock "0:53:27"]

1. d4 Nf6 2. Nf3 d5 3. g3 e6 4. Bg2 c6 5. O-O Nbd7 6. c4 Be7 7. b3 b6 8. Ba3 Bb7 9. Bxe7 Qxe7 10. Nc3 O-O 11. Rc1 Rac8 12. Re1 Rfe8 13. Qd2 Ng4 14. h3 Ngf6 15. e4 dxc4 16. bxc4 e5 17. d5 cxd5 18. cxd5 Qb4 19. Kh2 Rc4 20. Nh4 Nc5 21. a3 Qa5 22. Re2 Qxa3 23. Qc2 b5 24. Ree1 b4 25. Nb5 Rxc2 26. Nxa3 Rxc1 27. Rxc1 Rc8 28. Nc4 Ncxe4 29. Nf5 Bxd5 30. Ne7+ Kf8 31. Nxc8 Bxc4 32. Bxe4 Nxe4 33. Rxc4 Nxf2 34. Rxb4 f5 35. Nd6 g6 36. Kg2 Nd3 37. Rb3 e4 38. Kf1 Ke7 39. Nc8+ Ke6 40. Nxa7 Kd5 41. Rc3 Kd4 42. Nb5+ Ke3 43. g4 f4 44. Nd6 Kf3 45. Ra3 Ke3 46. Rc3 Kf3 47. g5 Ke3 48. Ra3 Kf3 49. Nc4 Kg3 50. Ne5 f3 51. Nxd3 exd3 52. Rxd3 Kxh3 53. Rd5 Kg4 54. Kf2 Kf4 55. Rd7 Kxg5 56. Rxh7 Kg4 57. Rf7 Kg5 58. Rxf3 Kg4 59. Ra3 g5 60. Ra4+ Kf5 61. Kg3 Ke5 62. Kg4 Kd5 63. Ra5+ Ke4 64. Rxg5 Kd4 65. Kf4 Kc4 66. Re5 Kd4 67. Kf5 Kd3 68. Re4 Kc3 69. Ke5 Kb3 70. Kd5 Kc3 71. Rd4 Kb3 72. Ke4 Kc3 73. Ke3 Kb2 74. Rd3 Kc2 75. Ke2 Kb2 76. Kd2 Ka2 77. Kc2 Ka1 78. Ra3# {[%emt 0:00:05] normal} 1-0

[Event "DVM U12w 2023"]
[Site "Magdeburg"]
[Date "2023.12.29"]
[Round "6"]
[White "Wolf, Helena"]
[Black "Berger, Jennifer"]
[Result "1-0"]
[WhiteElo "1188"]
[BlackElo "1210"]
[PlyCount "51"]
[EventDate "2022.12.27"]
[EventType "team-tourn"]
[EventRounds "7"]
[EventCountry "GER"]
[TimeControl "40/5400+30:1800+30"]
[WhiteClock "0:54:44"]
[BlackClock "1:21:13"]

1. e4 e5 2. Nf3 Nc6 3. Bc4 Bc5 4. c3 d6 5. d4 Bb6 6. O-O Nf6 7. Nbd2 O-O 8. Re1 Bg4 9. h3 Bh5 10. Nf1 exd4 11. Ng3 dxc3 12. bxc3 Bg6 13. Nh4 Bh5 14. Nxh5 Nxh5 15. Qxh5 g6 16. Qh6 Qf6 17. Re2 Qxc3 18. Bb2 Be3 19. fxe3 Qxb2 20. Rxb2 b6 21. Bd5 Rad8 22. Bxc6 a5 23. Nf3 Rb8 24. Ng5 Rfc8 25. Qxh7+ Kf8 26. Qxf7# {[%emt 0:00:33] normal} 1-0